| TOP OF THE 1ST |
|
Manchester Fisher Cats batting - Pitching for Waterbury Rough Riders : RHP Mathew McArow
|
|
Pitching: RHP Mathew McArow
|
|
|
Batting: LHB Carlos Cabassa
|
0-0: Called Strike 0-1: Ball 1-1: Foul Ball, location: 2F 1-2: SINGLE (Flyball, 9LM, EV 90.0 MPH)
|
|
Batting: LHB Mike Ciampa
|
0-0: Ball 1-0: Called Strike 1-1: Ball 2-1: Ball 3-1: Base on Balls Carlos Cabassa to second
|
|
Batting: LHB Steve Hammond
|
0-0: Called Strike 0-1: Foul Ball, location: 2F 0-2: Strikes out swinging
|
|
Batting: RHB Joe Citari
|
0-0: Ball 1-0: 3-RUN HOME RUN (Flyball, 7LD, EV 84.4 MPH), Distance : 347 ft
|
|
Batting: SHB Danny Hernandez
|
0-0: Called Strike 0-1: Ball 1-1: Ball 2-1: Foul Ball, location: 2F 2-2: Fly out, F8 (Line Drive, 8RD, EV 95.6 MPH)
|
|
Batting: LHB Mel Hall
|
0-0: Ball 1-0: SINGLE (Line Drive, 7LS, EV 103.1 MPH)
|
|
Batting: RHB Randy Johnson
|
0-0: Foul Ball, location: 2F 0-1: DOUBLE (Line Drive, 89XD, EV 105.6 MPH) Mel Hall to third
|
|
Batting: RHB Buddy Pryor
|
0-0: Ball 1-0: Fly out, F9 (Flyball, 89M, EV 81.9 MPH)
|
| Top of the 1st over - 3 runs, 4 hits, 0 errors, 2 left on base; Manchester 3 - Waterbury 0 |
| BOTTOM OF THE 1ST |
|
Waterbury Rough Riders batting - Pitching for Manchester Fisher Cats : RHP Jeffrey Arney
|
|
Pitching: RHP Jeffrey Arney
|
|
|
Batting: RHB David Corman
|
0-0: Foul Ball, location: 2F 0-1: Ball 1-1: Ball 2-1: Ball 3-1: Foul Ball, location: 2F 3-2: Base on Balls
|
|
Batting: RHB Jack Fimple
|
0-0: Ball 1-0: 2-RUN HOME RUN (Flyball, 9LD, EV 87.5 MPH), Distance : 355 ft
|
|
Batting: RHB Billy Beane
|
0-0: Foul Ball, location: 2F 0-1: SINGLE (Line Drive, 4MD, EV 97.5 MPH)
|
|
Batting: RHB john W Russell
|
0-0: Ball 1-0: Foul Ball, location: 2F 1-1: Ball 2-1: Foul Ball, location: 2F 2-2: Ball 3-2: Base on Balls Billy Beane to second
|
|
Batting: RHB Gary Skow
|
0-0: Fielders Choice at 2nd, 1-6 (Groundball, 34S, EV 71.3 MPH) Billy Beane to third
|
|
Batting: LHB David Blume
|
0-0: Ball 1-0: Ball 2-0: Ball 3-0: Called Strike 3-1: Base on Balls Gary Skow to second
|
|
Batting: RHB Daniel Purpura
|
0-0: Ball 1-0: Fielders Choice at 2nd, 5-4 (Groundball, 56, EV 103.1 MPH) Billy Beane scores Gary Skow to third
|
|
Batting: LHB Wilson Tucker
|
0-0: Ball 1-0: Foul Ball, location: 2F 1-1: 3-RUN HOME RUN (Flyball, 9D, EV 89.4 MPH), Distance : 369 ft
|
|
Batting: RHB Joseph Pocoroba
|
0-0: Ball 1-0: Called Strike 1-1: Ball 2-1: Called Strike 2-2: Foul Ball, location: 2F 2-2: Foul Ball, location: 2F 2-2: Strikes out looking
|
| Bottom of the 1st over - 6 runs, 3 hits, 0 errors, 0 left on base; Manchester 3 - Waterbury 6 |
| TOP OF THE 2ND |
|
Manchester Fisher Cats batting - Pitching for Waterbury Rough Riders : RHP Mathew McArow
|
|
Batting: RHB Gary Holden
|
0-0: Foul Ball, location: 2F 0-1: Ball 1-1: Called Strike 1-2: Ball 2-2: Ball 3-2: Fly out, F7 (Flyball, 7LS, EV 81.9 MPH)
|
|
Batting: LHB Carlos Cabassa
|
0-0: Called Strike 0-1: Foul Ball, location: 2F 0-2: Ball 1-2: Fly out, F9 (Flyball, 9LM, EV 90.0 MPH)
|
|
Pitching: RHP Jeffrey Orville
|
|
|
Batting: LHB Mike Ciampa
|
0-0: Ball 1-0: Ball 2-0: SINGLE (Line Drive, 9S, EV 92.5 MPH)
|
|
Batting: LHB Steve Hammond
|
0-0: Ball 1-0: Foul Ball, location: 2F 1-1: Ball 2-1: Swinging Strike 2-2: Ball 3-2: Foul Ball, location: 2F 3-2: DOUBLE (Flyball, 78D, EV 100.6 MPH) Mike Ciampa to third Mike Ciampa scores
|
|
Batting: RHB Joe Citari
|
0-0: SINGLE (Line Drive, 9S, EV 105.6 MPH) Steve Hammond to third Runner from 3rd tries for Home, throw by RF and OUT! 9-2
|
| Top of the 2nd over - 1 run, 3 hits, 0 errors, 1 left on base; Manchester 4 - Waterbury 6 |
| BOTTOM OF THE 2ND |
|
Waterbury Rough Riders batting - Pitching for Manchester Fisher Cats : RHP Jeffrey Arney
|
|
Batting: RHB David Corman
|
0-0: Ball 1-0: Ground out 4-3 (Groundball, 4M, EV 94.4 MPH)
|
|
Batting: RHB Jack Fimple
|
0-0: Ball 1-0: Foul Ball, location: 2F 1-1: Ball 2-1: Ball 3-1: Called Strike 3-2: Base on Balls
|
|
Pitching: RHP Keith Creel
|
|
|
Batting: RHB Billy Beane
|
0-0: Swinging Strike 0-1: Ball 1-1: Ball 2-1: Ball 3-1: Base on Balls Jack Fimple to second
|
|
Batting: RHB john W Russell
|
0-0: Called Strike 0-1: Ball 1-1: Foul Ball, location: 2F 1-2: Grounds into double play, 6-4-3 (Groundball, 6, EV 78.1 MPH)
|
| Bottom of the 2nd over - 0 runs, 0 hits, 0 errors, 1 left on base; Manchester 4 - Waterbury 6 |
| TOP OF THE 3RD |
|
Manchester Fisher Cats batting - Pitching for Waterbury Rough Riders : RHP Jeffrey Orville
|
|
Batting: SHB Danny Hernandez
|
0-0: Foul Ball, location: 2F 0-1: Ball 1-1: Ball 2-1: Foul Ball, location: 2F 2-2: SINGLE (Groundball, 34S, EV 72.5 MPH) (infield hit)
|
|
Batting: LHB Mel Hall
|
0-0: Foul Ball, location: 2F 0-1: Foul Ball, location: 2F 0-2: Ball 1-2: Ball 2-2: 2-RUN HOME RUN (Flyball, 89XD, EV 103.8 MPH), Distance : 394 ft
|
|
Batting: RHB Randy Johnson
|
0-0: Ball 1-0: Foul Ball, location: 2F 1-1: DOUBLE (Line Drive, 9LS, EV 95.0 MPH)
|
|
Batting: RHB Buddy Pryor
|
0-0: Swinging Strike 0-1: Called Strike 0-2: Ball 1-2: Strikes out swinging
|
|
Batting: RHB Gary Holden
|
0-0: Fly out, F9 (Flyball, 9, EV 68.8 MPH)
|
|
Batting: LHB Carlos Cabassa
|
0-0: Foul Ball, location: 2F 0-1: Ball 1-1: Foul Ball, location: 2F 1-2: Fly out, F7 (Line Drive, 7, EV 105.6 MPH)
|
| Top of the 3rd over - 2 runs, 3 hits, 0 errors, 1 left on base; Manchester 6 - Waterbury 6 |
| BOTTOM OF THE 3RD |
|
Waterbury Rough Riders batting - Pitching for Manchester Fisher Cats : RHP Keith Creel
|
|
Batting: RHB Gary Skow
|
0-0: Called Strike 0-1: Ball 1-1: Swinging Strike 1-2: Ball 2-2: Strikes out swinging
|
|
Batting: LHB David Blume
|
0-0: Ball 1-0: Ground out 6-3 (Groundball, 6, EV 86.3 MPH)
|
|
Batting: RHB Daniel Purpura
|
0-0: Called Strike 0-1: Fly out, F8 (Flyball, 8LM, EV 86.3 MPH)
|
| Bottom of the 3rd over - 0 runs, 0 hits, 0 errors, 0 left on base; Manchester 6 - Waterbury 6 |
| TOP OF THE 4TH |
|
Manchester Fisher Cats batting - Pitching for Waterbury Rough Riders : RHP Jeffrey Orville
|
|
Batting: LHB Mike Ciampa
|
0-0: Ball 1-0: SINGLE (Line Drive, 78M, EV 88.1 MPH)
|
|
Batting: LHB Steve Hammond
|
0-0: Ball Mike Ciampa steals 2nd base 1-0: Called Strike 1-1: Called Strike 1-2: Ball 2-2: Ball 3-2: Ground out 6-3 (Groundball, 6, EV 78.8 MPH) Mike Ciampa to third
|
|
Batting: RHB Joe Citari
|
0-0: Ball 1-0: Called Strike 1-1: Ball 2-1: SINGLE (Line Drive, 78S, EV 111.3 MPH) Mike Ciampa scores
|
|
Batting: SHB Danny Hernandez
|
0-0: Called Strike 0-1: Ball 1-1: Fielders Choice at 2nd, 3-6 (Groundball, 34S, EV 81.3 MPH)
|
|
Batting: LHB Mel Hall
|
0-0: Ball 1-0: Ball 2-0: Ball 3-0: Called Strike 3-1: Swinging Strike 3-2: Foul Ball, location: 2F 3-2: Fly out, F8 (Flyball, 8LM, EV 73.8 MPH)
|
| Top of the 4th over - 1 run, 2 hits, 0 errors, 1 left on base; Manchester 7 - Waterbury 6 |
| BOTTOM OF THE 4TH |
|
Waterbury Rough Riders batting - Pitching for Manchester Fisher Cats : RHP Keith Creel
|
|
Batting: LHB Wilson Tucker
|
0-0: Swinging Strike 0-1: Ball 1-1: Ball 2-1: Fly out, F8 (Flyball, 8LXD, EV 80.6 MPH)
|
|
Batting: RHB Joseph Pocoroba
|
0-0: Ball 1-0: Ball 2-0: Called Strike 2-1: Foul Ball, location: 2F 2-2: Strikes out looking
|
|
Batting: RHB David Corman
|
0-0: Ball 1-0: Ball 2-0: Fly out, F8 (Line Drive, 8LD, EV 92.5 MPH)
|
| Bottom of the 4th over - 0 runs, 0 hits, 0 errors, 0 left on base; Manchester 7 - Waterbury 6 |
| TOP OF THE 5TH |
|
Manchester Fisher Cats batting - Pitching for Waterbury Rough Riders : RHP Jeffrey Orville
|
|
Batting: RHB Randy Johnson
|
0-0: Swinging Strike 0-1: Ball 1-1: Ground out 6-3 (Groundball, 6, EV 90.0 MPH)
|
|
Batting: RHB Buddy Pryor
|
0-0: Called Strike 0-1: Ball 1-1: Ground out 5-3 (Groundball, 56, EV 102.5 MPH)
|
|
Batting: RHB Gary Holden
|
0-0: Ball 1-0: Ground out 6-3 (Groundball, 6, EV 105.6 MPH)
|
| Top of the 5th over - 0 runs, 0 hits, 0 errors, 0 left on base; Manchester 7 - Waterbury 6 |
| BOTTOM OF THE 5TH |
|
Waterbury Rough Riders batting - Pitching for Manchester Fisher Cats : RHP Keith Creel
|
|
Batting: RHB Jack Fimple
|
0-0: Ball 1-0: Swinging Strike 1-1: Ground out U3 (Groundball, 34, EV 87.5 MPH)
|
|
Batting: RHB Billy Beane
|
0-0: Swinging Strike 0-1: Ball 1-1: Ball 2-1: Foul Ball, location: 2F 2-2: Strikes out looking
|
|
Batting: RHB john W Russell
|
0-0: Called Strike 0-1: Foul Ball, location: 2F 0-2: Foul Ball, location: 2F 0-2: Foul Ball, location: 2F 0-2: Strikes out swinging
|
| Bottom of the 5th over - 0 runs, 0 hits, 0 errors, 0 left on base; Manchester 7 - Waterbury 6 |
| TOP OF THE 6TH |
|
Manchester Fisher Cats batting - Pitching for Waterbury Rough Riders : RHP Jeffrey Orville
|
|
Pitching: RHP Arcadio Cruz
|
|
|
Batting: LHB Carlos Cabassa
|
0-0: Ball 1-0: Ball 2-0: Foul Ball, location: 2F 2-1: Swinging Strike 2-2: Ball 3-2: Strikes out swinging
|
|
Batting: LHB Mike Ciampa
|
0-0: Ball 1-0: Called Strike 1-1: Foul Ball, location: 2F 1-2: Strikes out swinging
|
|
Batting: LHB Steve Hammond
|
0-0: Ball 1-0: Ball 2-0: Foul Ball, location: 2F 2-1: SINGLE (Line Drive, 8LS, EV 96.3 MPH)
|
|
Batting: RHB Joe Citari
|
0-0: Ball 1-0: Ball 2-0: Ball 3-0: Called Strike 3-1: Foul Ball, location: 2F 3-2: Strikes out swinging
|
| Top of the 6th over - 0 runs, 1 hit, 0 errors, 1 left on base; Manchester 7 - Waterbury 6 |
| BOTTOM OF THE 6TH |
|
Waterbury Rough Riders batting - Pitching for Manchester Fisher Cats : RHP Keith Creel
|
|
Batting: RHB Gary Skow
|
0-0: Ball 1-0: Ball 2-0: Ball 3-0: Called Strike 3-1: Called Strike 3-2: Reached on error, E3 (Groundball, 3, EV 99.4 MPH)
|
|
Batting: LHB David Blume
|
0-0: Called Strike 0-1: Ball 1-1: Grounds into double play, 4-6-3 (Groundball, 4, EV 80.0 MPH)
|
|
Batting: RHB Daniel Purpura
|
0-0: Foul Ball, location: 2F 0-1: Ball 1-1: Foul Ball, location: 2F 1-2: Foul Ball, location: 2F 1-2: Ground out 6-3 (Groundball, 6, EV 101.9 MPH)
|
| Bottom of the 6th over - 0 runs, 0 hits, 1 error, 0 left on base; Manchester 7 - Waterbury 6 |
| TOP OF THE 7TH |
|
Manchester Fisher Cats batting - Pitching for Waterbury Rough Riders : RHP Arcadio Cruz
|
|
Batting: SHB Danny Hernandez
|
0-0: Called Strike 0-1: Swinging Strike 0-2: Ball 1-2: Ball 2-2: Foul Ball, location: 2F 2-2: Ball 3-2: Base on Balls
|
|
Batting: LHB Mel Hall
|
0-0: Called Strike 0-1: Ball 1-1: Foul Ball, location: 2F 1-2: Foul Ball, location: 2F 1-2: Foul Ball, location: 2F 1-2: Ball 2-2: Strikes out looking
|
|
Batting: RHB Randy Johnson
|
0-0: Ball Danny Hernandez steals 2nd base 1-0: Foul Ball, location: 2F 1-1: Swinging Strike 1-2: Ball 2-2: Strikes out swinging
|
|
Batting: RHB Buddy Pryor
|
0-0: Called Strike 0-1: Ball 1-1: Ball 2-1: Ball 3-1: Base on Balls
|
|
Batting: RHB Gary Holden
|
0-0: Called Strike 0-1: Ball 1-1: Called Strike 1-2: Ball 2-2: Strikes out swinging
|
| Top of the 7th over - 0 runs, 0 hits, 0 errors, 2 left on base; Manchester 7 - Waterbury 6 |
| BOTTOM OF THE 7TH |
|
Waterbury Rough Riders batting - Pitching for Manchester Fisher Cats : RHP Keith Creel
|
|
Batting: LHB Wilson Tucker
|
0-0: SINGLE (Line Drive, 8LS, EV 103.1 MPH)
|
|
Pinch Hitting: RHB Junior Ortiz
|
0-0: Ball 1-0: Ball 2-0: Foul Ball, location: 2F 2-1: Foul Ball, location: 2F 2-2: Ball 3-2: Foul Ball, location: 2F 3-2: Base on Balls Wilson Tucker to second
|
|
Batting: RHB David Corman
|
0-0: Foul Ball, location: 2F 0-1: Fielders Choice at 2nd, 6-4 (Groundball, 6, EV 103.1 MPH) Wilson Tucker to third
|
|
Batting: RHB Jack Fimple
|
0-0: Called Strike 0-1: Fly out, F9 (Flyball, 9, EV 87.5 MPH) Runner from 3rd tags up, SCORES, throw by RF
|
|
Pitching: RHP Jesse Flores
|
|
|
Batting: RHB Billy Beane
|
0-0: Ball 1-0: Ball 2-0: Called Strike 2-1: Swinging Strike 2-2: Ball 3-2: Fly out, F6 (Popup, 6M, EV 73.1 MPH)
|
| Bottom of the 7th over - 1 run, 1 hit, 0 errors, 1 left on base; Manchester 7 - Waterbury 7 |
| TOP OF THE 8TH |
|
Manchester Fisher Cats batting - Pitching for Waterbury Rough Riders : RHP Arcadio Cruz
|
|
Now at SS: Jose Quiroz
|
|
|
Batting: LHB Carlos Cabassa
|
0-0: Ball 1-0: Swinging Strike 1-1: Ball 2-1: Foul Ball, location: 2F 2-2: Strikes out swinging
|
|
Batting: LHB Mike Ciampa
|
0-0: Ball 1-0: Ball 2-0: Ball 3-0: Base on Balls
|
|
Batting: LHB Steve Hammond
|
0-0: Ball 1-0: Swinging Strike 1-1: Ball 2-1: Ball 3-1: Base on Balls Mike Ciampa to second
|
|
Pitching: RHP Marcial Abreu
|
|
|
Batting: RHB Joe Citari
|
0-0: Ball Mike Ciampa steals 3rd base Steve Hammond to second 1-0: Ball 2-0: Ball 3-0: Base on Balls
|
|
Batting: SHB Danny Hernandez
|
0-0: Ball 1-0: Grounds into fielders choice 4-2 (Groundball, 4, EV 85.0 MPH) Steve Hammond to third Joe Citari to second
|
|
Batting: LHB Mel Hall
|
0-0: Called Strike 0-1: Ground out 4-3 (Groundball, 4M, EV 83.1 MPH)
|
| Top of the 8th over - 0 runs, 0 hits, 0 errors, 3 left on base; Manchester 7 - Waterbury 7 |
| BOTTOM OF THE 8TH |
|
Waterbury Rough Riders batting - Pitching for Manchester Fisher Cats : RHP Jesse Flores
|
|
Batting: RHB john W Russell
|
0-0: Ball 1-0: Ball 2-0: Called Strike 2-1: Fly out, F8 (Flyball, 8LM, EV 94.4 MPH)
|
|
Batting: RHB Gary Skow
|
0-0: Fly out, F8 (Flyball, 8LXD, EV 102.5 MPH)
|
|
Batting: LHB David Blume
|
0-0: Ball 1-0: Ball 2-0: Foul Ball, location: 2F 2-1: Swinging Strike 2-2: Strikes out looking
|
| Bottom of the 8th over - 0 runs, 0 hits, 0 errors, 0 left on base; Manchester 7 - Waterbury 7 |
| TOP OF THE 9TH |
|
Manchester Fisher Cats batting - Pitching for Waterbury Rough Riders : RHP Marcial Abreu
|
|
Pitching: RHP John Maxson
|
|
|
Pinch Hitting: SHB Stan Javier
|
0-0: Ball 1-0: Ball 2-0: Ball 3-0: Called Strike 3-1: Base on Balls
|
|
Pinch Hitting: LHB Jessie Reid
|
0-0: Ball 1-0: Foul Ball, location: 2F 1-1: Ball 2-1: Ball Stan Javier steals 2nd base 3-1: Intentional Walk
|
|
Batting: RHB Gary Holden
|
0-0: Called Strike 0-1: Ball 1-1: Ball 2-1: Foul Ball, location: 2F 2-2: Strikes out swinging
|
|
Batting: LHB Carlos Cabassa
|
0-0: Ball 1-0: Swinging Strike 1-1: Swinging Strike 1-2: Ball 2-2: Foul Ball, location: 2F 2-2: Strikes out swinging
|
|
Batting: LHB Mike Ciampa
|
0-0: Ball 1-0: Foul Ball, location: 2F 1-1: Called Strike 1-2: Foul Ball, location: 2F 1-2: Ball 2-2: Ground out 4-3 (Groundball, 4, EV 100.6 MPH)
|
| Top of the 9th over - 0 runs, 0 hits, 0 errors, 2 left on base; Manchester 7 - Waterbury 7 |
| BOTTOM OF THE 9TH |
|
Waterbury Rough Riders batting - Pitching for Manchester Fisher Cats : RHP Jesse Flores
|
|
Now at SS: Reymundo Estevez
|
|
|
Now in CF: Stan Javier
|
|
|
Pinch Hitting: LHB Mike Lebo
|
0-0: Ball 1-0: Foul Ball, location: 2F 1-1: Swinging Strike 1-2: Ball 2-2: Ball 3-2: Base on Balls
|
|
Batting: LHB Wilson Tucker
|
0-0: Bunt missed! 0-1: Sac Bunt to 15S - play at first, batter OUT! 1-4 Mike Lebo to second
|
|
Batting: RHB Jose Quiroz
|
0-0: Swinging Strike 0-1: Foul Ball, location: 2F 0-2: Foul Ball, location: 2F 0-2: Ball 1-2: Ball 2-2: Foul Ball, location: 2F 2-2: Ground out 6-3 (Groundball, P, EV 81.3 MPH) Mike Lebo to third
|
|
Batting: RHB David Corman
|
0-0: Foul Ball, location: 2F 0-1: Swinging Strike 0-2: Foul Ball, location: 2F 0-2: Ball 1-2: Ground out 3-1 (Groundball, 34, EV 79.4 MPH)
|
| Bottom of the 9th over - 0 runs, 0 hits, 0 errors, 1 left on base; Manchester 7 - Waterbury 7 |
| TOP OF THE 10TH |
|
Manchester Fisher Cats batting - Pitching for Waterbury Rough Riders : RHP John Maxson
|
|
Now at 3B: Don Leach
|
|
|
Batting: LHB Steve Hammond
|
0-0: Ball 1-0: Ground out 5-3 (Groundball, 56, EV 80.6 MPH)
|
|
Batting: RHB Joe Citari
|
0-0: Called Strike 0-1: Ball 1-1: Foul Ball, location: 2F 1-2: Ball 2-2: Ground out 5-3 (Groundball, 56S, EV 70.6 MPH)
|
|
Batting: SHB Danny Hernandez
|
0-0: Called Strike 0-1: Foul Ball, location: 2F 0-2: Ball 1-2: Fly out, F8 (Flyball, 8RD, EV 96.9 MPH)
|
| Top of the 10th over - 0 runs, 0 hits, 0 errors, 0 left on base; Manchester 7 - Waterbury 7 |
| BOTTOM OF THE 10TH |
|
Waterbury Rough Riders batting - Pitching for Manchester Fisher Cats : RHP Jesse Flores
|
|
Pitching: RHP Chris Davis
|
|
|
Batting: RHB Jack Fimple
|
0-0: Fly out, F8 (Flyball, 8RXD, EV 90.0 MPH)
|
|
Batting: RHB Billy Beane
|
0-0: Called Strike 0-1: Ball 1-1: Ball 2-1: Ground out 6-3 (Groundball, 6S, EV 85.0 MPH)
|
|
Batting: RHB john W Russell
|
0-0: Foul Ball, location: 2F 0-1: Ball 1-1: Ball 2-1: Ball 3-1: Called Strike 3-2: Base on Balls
|
|
Batting: RHB Gary Skow
|
0-0: Called Strike 0-1: Ball 1-1: Foul Ball, location: 2F 1-2: Foul Ball, location: 2F 1-2: Ground out U3 (Groundball, 3S, EV 88.8 MPH)
|
| Bottom of the 10th over - 0 runs, 0 hits, 0 errors, 1 left on base; Manchester 7 - Waterbury 7 |
| TOP OF THE 11TH |
|
Manchester Fisher Cats batting - Pitching for Waterbury Rough Riders : RHP John Maxson
|
|
Batting: LHB Mel Hall
|
0-0: Ball 1-0: Foul Ball, location: 2F 1-1: Swinging Strike 1-2: DOUBLE (Line Drive, 78M, EV 89.4 MPH)
|
|
Batting: SHB Stan Javier
|
0-0: Intentional Walk
|
|
Pinch Runner at 2nd Paul Croft:
|
|
|
Batting: RHB Reymundo Estevez
|
0-0: Sac Bunt to 23 - play at first, batter OUT! 3-4 Paul Croft to third Stan Javier to second
|
|
Batting: RHB Gary Holden
|
0-0: Called Strike 0-1: Swinging Strike 0-2: Strikes out looking
|
|
Batting: LHB Carlos Cabassa
|
0-0: Called Strike 0-1: Swinging Strike 0-2: Strikes out swinging
|
| Top of the 11th over - 0 runs, 1 hit, 0 errors, 2 left on base; Manchester 7 - Waterbury 7 |
| BOTTOM OF THE 11TH |
|
Waterbury Rough Riders batting - Pitching for Manchester Fisher Cats : RHP Chris Davis
|
|
Now in CF: Paul Croft
|
|
|
Batting: LHB David Blume
|
0-0: Ball 1-0: Swinging Strike 1-1: Ground out 4-3 (Groundball, 4, EV 76.3 MPH)
|
|
Batting: RHB Don Leach
|
0-0: Called Strike 0-1: Called Strike 0-2: Foul Ball, location: 2F 0-2: Foul Ball, location: 2F 0-2: Foul Ball, location: 2F 0-2: Foul Ball, location: 2F 0-2: SINGLE (Groundball, 5D, EV 101.3 MPH)
|
|
Pitching: RHP Stephen Marsden
|
|
|
Batting: LHB Wilson Tucker
|
0-0: Called Strike 0-1: Ball 1-1: Foul Ball, location: 2F 1-2: Foul Ball, location: 2F 1-2: Strikes out swinging
|
|
Batting: RHB Jose Quiroz
|
0-0: Fly out, F7 (Flyball, 78S, EV 74.4 MPH)
|
| Bottom of the 11th over - 0 runs, 1 hit, 0 errors, 1 left on base; Manchester 7 - Waterbury 7 |
| TOP OF THE 12TH |
|
Manchester Fisher Cats batting - Pitching for Waterbury Rough Riders : RHP John Maxson
|
|
Batting: LHB Mike Ciampa
|
0-0: Called Strike 0-1: Called Strike 0-2: Ball 1-2: Ball 2-2: Ball 3-2: Foul Ball, location: 2F 3-2: SINGLE (Groundball, 56D, EV 97.5 MPH)
|
|
Batting: LHB Steve Hammond
|
0-0: DOUBLE (Line Drive, 5D, EV 108.8 MPH) Mike Ciampa to third Runner from 3rd tries for Home, SAFE, throw by LF to home
|
|
Batting: RHB Joe Citari
|
0-0: Ball 1-0: Ball 2-0: Ball 3-0: Base on Balls
|
|
Batting: SHB Danny Hernandez
|
0-0: Called Strike 0-1: Ball 1-1: Foul Ball, location: 2F 1-2: Fly out, F9 (Flyball, 89M, EV 90.0 MPH)
|
|
Pitching: RHP Harold Jackson
|
|
|
Batting: RHB Paul Croft
|
0-0: Swinging Strike 0-1: Swinging Strike 0-2: Strikes out looking
|
|
Batting: SHB Stan Javier
|
0-0: Ball 1-0: Called Strike 1-1: Foul Ball, location: 2F 1-2: Fielders Choice at 2nd, 6-4 (Groundball, 6, EV 91.3 MPH)
|
| Top of the 12th over - 1 run, 2 hits, 0 errors, 2 left on base; Manchester 8 - Waterbury 7 |
| BOTTOM OF THE 12TH |
|
Waterbury Rough Riders batting - Pitching for Manchester Fisher Cats : RHP Stephen Marsden
|
|
Batting: RHB David Corman
|
0-0: Called Strike 0-1: Ball 1-1: Foul Ball, location: 2F 1-2: Foul Ball, location: 2F 1-2: Ball 2-2: Ground out 4-3 (Groundball, 34S, EV 79.4 MPH)
|
|
Batting: RHB Jack Fimple
|
0-0: Ball 1-0: Fly out, F8 (Flyball, 8RS, EV 90.0 MPH)
|
|
Batting: RHB Billy Beane
|
0-0: Foul Ball, location: 2F 0-1: Foul Ball, location: 2F 0-2: Strikes out swinging
|
| Bottom of the 12th over - 0 runs, 0 hits, 0 errors, 0 left on base; Manchester 8 - Waterbury 7 |
|